 Dungeon Crawl Stone Soup version 0.29.1-15-g9cfb28693d (webtiles) character file.

Game seed: 14072038306114264747

94268 HOAXBANE2 the Spry (level 15, -1/75 HPs)
             Began as a Spriggan Artificer on Mar 29, 2023.
             Was the Champion of Dithmenos.
             Slain by a salamander
             ... wielding a +0 glaive
              (10 damage)
             ... on level 1 of the Snake Pit on Mar 30, 2023.
             The game lasted 03:48:11 (42941 turns).

HOAXBANE2 the Spry (Spriggan Artificer)            Turns: 42941, Time: 03:48:16

Health: -1/75      AC: 21    Str:  7    XL:     15   Next: 63%
Magic:  16/16      EV: 20    Int: 11    God:    Dithmenos [******]
Gold:   1539       SH:  5    Dex: 27    Spells: 14/14 levels left

rFire   . . .      SeeInvis +   c - +6 rapier (speed)
rCold   + . .      Faith    .   (no shield)
rNeg    + + .      Spirit   .   Y - +1 shadow dragon scales
rPois   +          Reflect  +   (helmet restricted)
rElec   .          Harm     .   y - +2 ratskin cloak {*Rats rPois rN+ Str-1 Int-1 Dex+1}
rCorr   .          Rampage  .   (gloves unavailable)
Will    ++...                   (boots unavailable)
Stlth   +++++++++.              G - amulet of reflection
HPRegen 0.22/turn               D - ring "Erauvuom" {rN+ EV+4}
MPRegen 0.15/turn               u - ring of the Demon Prince {rC+ EV+4}

@: lethally poisoned (-1 -> -3), wreathed by umbra, constricted, slow
A: very small, no large weapons, unfitting armour, see invisible, speed 3,
iridescent scales 1, thin skeletal structure 1, poison resistance
a: Renounce Religion, Shadow Step, Shadow Form


You were on level 1 of the Snake Pit.
You worshipped Dithmenos.
Dithmenos was exalted by your worship.
You visited 5 branches of the dungeon, and saw 23 of its levels.

You collected 3261 gold pieces.
You spent 1722 gold pieces at shops.

Inventory:

Hand Weapons
 c - a +6 rapier of speed (weapon)
 V - the +10 arbalest of Rezatz {freeze, rElec rN+ rCorr}
   (You bought it in a shop on level 5 of the Dungeon)

   Any ammunition fired from it freezes those it strikes, dealing additional
   cold damage.
   It can also slow down cold-blooded creatures.
   rElec:     It insulates you from electricity.
   rN:        It protects you from negative energy.
   rCorr:     It protects you from acid and corrosion.
Missiles
 m - 5 silver boomerangs
 t - 14 poisoned darts
 B - 3 throwing nets
 N - 5 atropa-tipped darts (quivered)
Armour
 k - a scarf of invisibility
 s - a +2 cloak of preservation
 y - the +2 ratskin cloak (worn) {*Rats rPois rN+ Str-1 Int-1 Dex+1}
   (You found it on level 5 of the Dungeon)

   When the wearer is hurt, rats may emerge from it to assist them.
   Str:       It affects your strength (-1).
   Int:       It affects your intelligence (-1).
   Dex:       It affects your dexterity (+1).
   rPois:     It protects you from poison.
   rN:        It protects you from negative energy.
 Y - +1 shadow dragon scales (worn)
 Z - a +1 robe of willpower
Jewellery
 h - a ring of positive energy
 u - the ring of the Demon Prince (right hand) {rC+ EV+4}
   (You acquired it on level 3 of the Lair of Beasts)

   [ring of evasion]

   EV:        It affects your evasion (+4).
   rC:        It protects you from cold.
 D - the ring "Erauvuom" (left hand) {rN+ EV+4}
   (You bought it in a shop on level 12 of the Dungeon)

   [ring of evasion]

   EV:        It affects your evasion (+4).
   rN:        It protects you from negative energy.
 G - an amulet of reflection (around neck)
 H - a ring of willpower
 U - a ring of positive energy
 X - a ring of flight
Wands
 d - a wand of charming (8)
 e - a wand of iceblast (4)
 i - a wand of roots (23)
 n - a wand of flame (16)
 w - a wand of polymorph (8)
 A - a wand of mindburst (14)
 M - a wand of digging (6)
 Q - a wand of paralysis (8)
 R - a wand of acid (2)
Scrolls
 a - 12 scrolls of teleportation
 g - 5 scrolls of fear
 j - 3 scrolls of vulnerability
 l - 6 scrolls of poison
 x - a scroll of magic mapping
 z - 4 scrolls of torment
 F - 3 scrolls of noise
 L - 2 scrolls of immolation
 O - a scroll of amnesia
 W - 3 scrolls of butterflies
Potions
 f - 7 potions of attraction
 o - 6 potions of curing
 p - a potion of invisibility
 q - 2 potions of flight
 v - 9 potions of heal wounds
 E - 2 potions of haste
 I - 6 potions of might
 J - 3 potions of berserk rage
 K - 3 potions of cancellation
Miscellaneous
 b - a phantom mirror (inert)
 r - a lightning rod (4/4)
 S - a phial of floods (inert)


   Skills:
 - Level 7.0 Fighting
 - Level 16.0 Short Blades
 - Level 8.0 Ranged Weapons
 - Level 8.0 Armour
 + Level 20.4 Dodging
 - Level 19.0 Stealth
 - Level 8.0 Evocations


You had 14 spell levels left.
You didn't know any spells.
Your spell library contained the following spells:

 Spells                   Type           Power      Damage    Failure   Level
 Apportation              Tloc           0%         N/A       100%        1
 Magic Dart               Conj           0%         1d3       100%        1
 Necrotise                Necr           0%         1d4       100%        1
 Summon Small Mammal      Summ           0%         N/A       100%        1
 Call Imp                 Summ           0%         N/A       100%        2
 Ensorcelled Hibernation  Hex/Ice        0%         N/A       100%        2
 Gell's Gravitas          Tloc           0%         N/A       100%        3
 Ignite Poison            Fire/Tmut/Pois 0%         N/A       100%        3
 Lesser Beckoning         Tloc           0%         N/A       100%        3
 Mephitic Cloud           Conj/Pois/Air  0%         N/A       100%        3
 Spider Form              Tmut/Pois      0%         N/A       100%        3
 Teleport Other           Tloc           0%         N/A       100%        3
 Vampiric Draining        Necr           0%         2d6       100%        3
 Anguish                  Hex/Necr       0%         N/A       100%        4
 Animate Armour           Summ/Erth      0%         N/A       100%        4
 Corpse Rot               Necr/Pois/Air  0%         N/A       100%        4
 Dispel Undead            Necr           0%         3d6       100%        4
 Petrify                  Tmut/Erth      0%         N/A       100%        4
 Agony                    Necr           0%         N/A       100%        5
 Alistair's Intoxication  Tmut/Pois      0%         N/A       100%        5
 Blade Hands              Tmut           0%         N/A       100%        5
 Freezing Cloud           Conj/Ice/Air   0%         6-21      100%        5
 Metabolic Englaciation   Hex/Ice        0%         N/A       100%        5
 Summon Forest            Summ/Tloc      0%         N/A       100%        5
 Summon Mana Viper        Hex/Summ       0%         N/A       100%        5
 Death Channel            Necr           0%         N/A       100%        6
 Iron Shot                Conj/Erth      0%         9d1       100%        6
 Statue Form              Tmut/Erth      0%         N/A       100%        6
 Summon Cactus Giant      Summ           0%         N/A       100%        6


Dungeon Overview and Level Annotations

Branches:
Dungeon (14/15)            Temple (0/1) D:4            Lair (5/5) D:9
  Swamp (1/4) Lair:2        Snake (1/4) Lair:3        Slime (0/5) Lair:4
    Orc (2/2) D:9             Elf (0/3) Orc:2        Vaults (0/5) D:14

Altars:
Dithmenos
Gozag
Hepliaklqana
Makhleb
Sif Muna
Wu Jian
Xom
Jiyva

Shops:
D:5 (   D:6 [   D:12 **   Orc:2 (*[[

Annotations:
Swamp:1 2 transporters, Voland's ghost, adept TeAE


Innate Abilities, Weirdness & Mutations

You are very small and have problems with some larger weapons.
You are too small for most types of armour.
You have supernaturally acute eyesight. (SInv)
You cover ground extremely quickly. (Speed+++)
You are partially covered in iridescent scales. (AC +2)
You have a somewhat thin skeletal structure. (Dex +2, Stealth+)
Your system is resistant to poisons. (rPois)


Message History

The salamander is almost dead.
Your shadow hits the salamander with a rapier.
You feel sick.
Your anaconda closely misses the naga warrior.
Your anaconda bites the naga warrior.
Unknown command.
You barely miss the salamander.
The salamander is almost dead.
Your shadow hits the salamander but does no damage.
The naga warrior closely misses you. The naga warrior constricts you.
Your naga hits the salamander but does no damage.
Your naga grabs the salamander.
Your naga constricts the salamander.
Your naga sharpshooter unwields a +0 short sword.
Your naga sharpshooter wields a +0 arbalest.
Your naga sharpshooter shoots a bolt.
The bolt hits the naga warrior!!
Unknown command.
Your unstable footing causes you to fumble your attack.
You feel sick.
The naga warrior blocks your anaconda's attack.
Your anaconda closely misses the naga warrior.
The salamander hits your naga with a +0 glaive!!
Your naga dies!
Your naga's corpse dissolves into shadows!
Your unstable footing causes you to fumble your attack.
The naga warrior closely misses you. The naga warrior constricts you.
Unknown command.
You hit the salamander.
The salamander is almost dead.
Your shadow hits the salamander but does no damage.
The naga warrior blocks your anaconda's attack.
Your anaconda bites the naga warrior!
Unknown command.
Your unstable footing causes you to fumble your attack.
You feel sick.
Your naga sharpshooter shoots a bolt.
The naga warrior blocks the bolt.
The salamander hits you with a +0 glaive!!
* * * LOW HITPOINT WARNING * * *
A hell rat scurries out from under your cloak.
You emit a cloud of dark smoke.
You are engulfed in flames!
You die...

#...###.†....# #.....#...>..#
.. .....#......## ...
###...#.......####S.N
.....................
#####............... #
#...........>.# ##
#........N.##### .#
##....[)...)#@§~# .#
#.......###rNNS~###### .#
#).....######~N§.....#########
## #.(....#
#..~~~~##............ ##..<..#
#......##..(########. ##
#...#.# #...######### ####
.####......###### ###...
...#####...# ##### #..... ...#
...# #...#####.....


You could see a naga warrior (distracted, waterlogged, ally target), a
salamander (strong, waterlogged), a friendly naga sharpshooter (summoned), a
friendly anaconda (summoned) and a friendly hell rat.

Vanquished Creatures
  Kirke (Lair:4)
  An eleionoma (Swamp:1)
  The ghost of NiggerDarts7 the Protected, a journeyman HuFi of Xom (D:12)
  3 dire elephants (Lair:5)
  3 bunyips (Lair:2)
  The ghost of quandasim the Severer, a journeyman HOFi of Okawaru (D:8)
  Erolcha (D:9)
  A yaktaur captain (D:10)
  4 boulder beetles
  6 hydras
  A death knight (D:14)
  3 alligators
  7 centaur warriors
  4 two-headed ogres
  3 naga warriors (Snake:1)
  A death yak (Lair:5)
  5 orc high priests
  2 spectral dire elephants (Lair:5)
  2 spectral death yaks (Lair:5)
  The ghost of vampirul the Shield-Bearer, a novice GnFi of Vehumet (D:7)
  4 skeletal warriors (D:14)
  A goliath frog (Swamp:1)
  A spectral anaconda (Lair:5)
  An obsidian statue (Lair:5)
  3 necromancers (Lair:5)
  2 orc sorcerers
  2 ugly things
  5 orc knights
  A mana viper (Snake:1)
  3 manticores
  A salamander (shapeshifter) (D:13)
  4 cyclopes
  14 elephants
  7 black mambas
  A guardian serpent (Snake:1)
  2 naga magi (Snake:1)
  3 gargoyles
  3 rime drakes
  3 unseen horrors
  8 cane toads
  2 kobold demonologists (D:9)
  Psyche (D:8)
  5 yaktaurs (D:12)
  7 komodo dragons
  2 freezing wraiths
  An ice devil (D:12)
  5 trolls
  2 tyrant leeches (Swamp:1)
  4 meliai
  5 hornets
  2 polar bears
  2 spectral elephants (Lair:5)
  17 slime creatures
  15 blink frogs
  A spriggan (Swamp:1)
  3 shadows
  A ynoxinul (D:12)
  7 wraiths
  29 yaks
  4 basilisks
  A neqoxec (D:12)
  4 wyverns
  A hog (Lair:4)
  A death yak simulacrum (Lair:5)
  2 steam dragons
  5 vampire mosquitoes
  A redback (D:14)
  A warg (Orc:2)
  8 nagas
  A spectral cane toad (Lair:5)
  6 swamp worms
  14 water moccasins
  A swamp drake (Swamp:1)
  2 sky beasts (D:8)
  A black bear (D:5)
  27 orc warriors
  11 ogres
  An elephant zombie (Lair:5)
  5 wolves (Lair:1)
  An elephant skeleton (Lair:5)
  9 centaurs
  A phantom (D:3)
  A kobold brigand (D:7)
  3 scorpions
  7 bullfrogs
  5 necrophages
  3 gnoll sergeants
  7 wights
  12 killer bees
  An elephant simulacrum (Lair:5)
  14 electric eels
  A vampire bat (Lair:2)
  A howler monkey (D:9)
  3 gnoll boudas
  A hound (D:5)
  2 jellies
  29 orc priests
  Crazy Yiuf (D:3)
  9 hell rats
  Terence (D:2)
  3 iguanas
  21 orc wizards
  29 gnolls
  3 adders
  4 river rats (Lair:3)
  A shadow imp (D:5)
  A white imp (D:7)
  2 dart slugs (D:3)
  69 orcs
  6 ball pythons
  10 bats
  6 endoplasms
  5 giant cockroaches
  5 goblins
  7 hobgoblins
  4 jackals (D:2)
  10 kobolds
  2 quokkas (D:4)
  2 frilled lizards
  9 rats
639 creatures vanquished.

Vanquished Creatures (collateral kills)
  A shambling mangrove (Lair:2)
  A hydra (Lair:3)
  A freezing wraith (D:10)
  A troll (D:10)
  A blink frog (Lair:3)
  2 wraiths (D:9)
  An orc warrior (Orc:2)
  2 orc priests (Orc:2)
  3 orcs
  A rat (Lair:3)
14 creatures vanquished.

Vanquished Creatures (others)
  2 meliai
  A bloated husk (Swamp:1)
  A human (Lair:4)
  66 fungi
  118 plants
  27 withered plants (Lair:5)
215 creatures vanquished.

Grand Total: 868 creatures vanquished

Notes
Turn   | Place    | Note
-------+----------+-------------------------------------------
     0 | D:1      | HOAXBANE2 the Spriggan Artificer began the quest for the
                  | Orb.
     0 | D:1      | Reached XP level 1. HP: 9/9 MP: 2/2
   168 | D:1      | Reached skill level 1 in Fighting
   168 | D:1      | Reached XP level 2. HP: 14/14 MP: 3/3
   568 | D:1      | Found a faded altar of an unknown god.
   902 | D:1      | You fall into a shaft and drop 1 floor!
   927 | D:2      | Noticed Terence
   979 | D:2      | Identified the +3 leather armour "Cigu" {rCorr}
  1408 | D:2      | Reached skill level 4 in Dodging
  1601 | D:2      | Killed Terence
  1602 | D:2      | Reached skill level 5 in Evocations
  1602 | D:2      | Reached XP level 3. HP: 13/18 MP: 4/4
  2405 | D:2      | Reached XP level 4. HP: 22/22 MP: 5/5
  3550 | D:3      | Reached skill level 5 in Dodging
  3659 | D:3      | Found a runed translucent door.
  3660 | D:3      | Noticed Crazy Yiuf
  3688 | D:3      | Killed Crazy Yiuf
  3689 | D:3      | Reached XP level 5. HP: 3/25 MP: 6/6
  4562 | D:3      | Reached skill level 6 in Dodging
  4903 | D:4      | Noticed a phantom
  5044 | D:3      | Killed a phantom
  5045 | D:3      | Reached skill level 7 in Dodging
  5045 | D:3      | Reached XP level 6. HP: 14/30 MP: 7/7
  5413 | D:4      | Identified a scroll of acquirement
  5414 | D:4      | Acquired a +0 rapier of speed
  5459 | D:4      | Reached skill level 1 in Short Blades
  5986 | D:4      | Reached skill level 8 in Dodging
  6088 | D:4      | Found a shadowy altar of Dithmenos.
  6089 | D:4      | Noticed a shadow
  6102 | D:4      | Found a hazy altar of Hepliaklqana.
  6112 | D:4      | Became a worshipper of Dithmenos the Shadowed
  6380 | D:4      | Found a staircase to the Ecumenical Temple.
  6439 | D:5      | Entered Level 5 of the Dungeon
  6909 | D:5      | Reached XP level 7. HP: 33/33 MP: 8/8
  7457 | D:5      | Found Mioduoz's Weapon Emporium.
  7577 | D:5      | Reached skill level 5 in Stealth
  7750 | D:5      | Found the +2 ratskin cloak {*Rats rPois rN+ Str-1 Int-1
                  | Dex+1}
  8461 | D:6      | Reached * piety under Dithmenos
  8700 | D:6      | Reached XP level 8. HP: 35/37 MP: 9/9
  8833 | D:6      | Found a shimmering altar of Xom.
  8913 | D:6      | Reached skill level 5 in Short Blades
  8949 | D:6      | Found a shimmering blue altar of Sif Muna.
  8959 | D:6      | Found an ornate altar of the Wu Jian Council.
  8970 | D:6      | Found a burning altar of Makhleb.
  9502 | D:6      | Found Xaetz's Antique Armour Emporium.
 10154 | D:7      | Found a transporter.
 10154 | D:7      | Noticed vampirul's ghost (novice GnFi)
 10155 | D:7      | Identified the +8 giant club of Tekuullari {protect, *Rage
                  | rPois rF+ Dex+2}
 10160 | D:7      | Found a transporter.
 12118 | D:7      | Found a transporter.
 12264 | D:8      | Reached XP level 9. HP: 41/41 MP: 10/10
 12305 | D:8      | Reached ** piety under Dithmenos
 12728 | D:8      | Found a large runed translucent door.
 12728 | D:8      | Found a large runed translucent door.
 12732 | D:8      | Noticed quandasim's ghost (journeyman HOFi)
 12832 | D:8      | Noticed Psyche
 12853 | D:8      | Reached skill level 10 in Short Blades
 12888 | D:8      | Killed Psyche
 13082 | D:9      | Found a staircase to the Orcish Mines.
 13490 | D:9      | Noticed a two-headed ogre
 13497 | D:9      | Killed a two-headed ogre
 13499 | D:9      | Found a staircase to the Lair.
 13932 | D:9      | Reached XP level 10. HP: 45/45 MP: 11/11
 14046 | D:9      | Noticed an orc sorcerer
 14066 | D:9      | Killed an orc sorcerer
 14411 | D:9      | Noticed a two-headed ogre
 14411 | D:9      | Noticed a centaur warrior
 14417 | D:9      | Killed a two-headed ogre
 14418 | D:9      | Reached skill level 9 in Dodging
 14678 | D:9      | Noticed Erolcha
 14684 | D:9      | Killed Erolcha
 14685 | D:9      | Reached skill level 10 in Dodging
 14687 | D:9      | HP: 2/45 [centaur warrior/arrow (22)]
 15775 | D:10     | Entered Level 10 of the Dungeon
 15846 | D:10     | Reached *** piety under Dithmenos
 15847 | D:10     | Reached skill level 11 in Dodging
 16011 | D:10     | Reached XP level 11. HP: 37/51 MP: 12/12
 16127 | D:10     | Noticed a yaktaur captain
 16324 | Lair:1   | Entered Level 1 of the Lair of Beasts
 16415 | Lair:1   | Reached skill level 12 in Dodging
 16561 | Lair:1   | Reached skill level 10 in Stealth
 16903 | Lair:1   | Reached **** piety under Dithmenos
 17868 | Lair:2   | Found a staircase to the Swamp.
 18695 | Lair:2   | Reached skill level 15 in Stealth
 19138 | Lair:3   | Reached ***** piety under Dithmenos
 19318 | Lair:3   | Reached skill level 13 in Dodging
 19822 | Lair:3   | Noticed a four-headed hydra
 19827 | Lair:3   | Killed a four-headed hydra
 19828 | Lair:3   | Reached XP level 12. HP: 56/56 MP: 13/13
 20165 | Lair:3   | Acquired a manual of Dodging
 20167 | Lair:3   | Acquired 571 gold pieces
 20169 | Lair:3   | Acquired the ring of the Demon Prince {rC+ EV+4}
 20201 | Lair:3   | Reached skill level 14 in Dodging
 20201 | Lair:3   | Noticed a six-headed hydra
 20401 | D:5      | Bought the +10 arbalest of Rezatz {freeze, rElec rN+ rCorr}
                  | for 819 gold pieces
 20499 | D:9      | Killed a centaur warrior
 20500 | D:9      | Reached skill level 1 in Ranged Weapons
 20765 | Lair:3   | Noticed a six-headed hydra
 20784 | Lair:3   | Found a staircase to the Snake Pit.
 21535 | Lair:3   | Killed a six-headed hydra
 21536 | Lair:3   | Reached skill level 15 in Dodging
 22273 | Lair:3   | Killed a six-headed hydra
 22340 | Lair:3   | Reached skill level 16 in Dodging
 22515 | Lair:4   | Found a staircase to the Slime Pits.
 22516 | Lair:4   | Found a viscous altar of Jiyva.
 22556 | Lair:4   | Noticed Kirke
 22563 | Lair:4   | Killed Kirke
 22564 | Lair:4   | Reached skill level 5 in Ranged Weapons
 22564 | Lair:4   | Reached skill level 17 in Dodging
 22893 | Lair:3   | Found a staircase to the Snake Pit.
 23755 | Lair:4   | Reached skill level 18 in Dodging
 24485 | Lair:5   | Entered Level 5 of the Lair of Beasts
 24768 | Lair:5   | Reached XP level 13. HP: 58/60 MP: 14/14
 24788 | Lair:5   | Reached ****** piety under Dithmenos
 24832 | Lair:5   | Reached skill level 19 in Dodging
 25295 | Lair:5   | Noticed a dire elephant
 25295 | Lair:5   | Noticed a dire elephant
 25295 | Lair:5   | Noticed a dire elephant
 25752 | Lair:5   | Killed a dire elephant
 25850 | Lair:5   | Reached skill level 20 in Dodging
 26162 | Lair:5   | Reached skill level 1 in Armour
 27331 | Lair:5   | Killed a dire elephant
 27578 | Lair:5   | Killed a dire elephant
 28529 | Orc:1    | Entered Level 1 of the Orcish Mines
 28848 | Orc:2    | Entered Level 2 of the Orcish Mines
 28923 | Orc:2    | Reached skill level 5 in Armour
 29278 | Orc:2    | Found a staircase to the Elven Halls.
 29711 | Orc:2    | Reached skill level 5 in Fighting
 31115 | Orc:2    | Reached XP level 14. HP: 51/68 MP: 15/15
 31626 | Orc:2    | Reached skill level 15 in Short Blades
 32818 | Orc:2    | Found Voidawigg's Antique Weapon Shop.
 32818 | Orc:2    | Found Haurph's Antique Armour Shop.
 32819 | Orc:2    | Found Kumigoni's Antique Armour Shop.
 32819 | Orc:2    | Found Yvamuast's Assorted Antiques.
 32826 | Orc:2    | Bought an ichor-stained robe for 131 gold pieces
 32826 | Orc:2    | Identified the +1 robe of Toisk {Drain rElec rN++ Regen+}
                  | (You bought it in a shop on level 2 of the Orcish Mines)
 32830 | Orc:2    | Bought a sedimented coppery potion for 28 gold pieces
 33104 | D:7      | Found a transporter.
 33160 | D:7      | Killed vampirul's ghost
 33389 | D:8      | Killed quandasim's ghost
 36327 | D:12     | Gained mutation: You are dopey. (Int -2) [a neqoxec]
 36527 | D:11     | Lost mutation: You are dopey. (Int -2) [potion of mutation]
 36527 | D:11     | Gained mutation: You have a somewhat thin skeletal
                  | structure. (Dex +2, Stealth+) [potion of mutation]
 36527 | D:11     | Gained mutation: You are partially covered in iridescent
                  | scales. (AC +2) [potion of mutation]
 36527 | D:11     | Gained mutation: Your system is resistant to poisons.
                  | (rPois) [potion of mutation]
 36707 | D:12     | Found a runed translucent gate.
 36707 | D:12     | Found a runed translucent gate.
 36708 | D:12     | Found a runed translucent gate.
 36708 | D:12     | Found an opulent altar of Gozag.
 36710 | D:12     | Found Siapp's Assorted Antiques.
 36711 | D:12     | Found Reaciere's Assorted Antiques.
 36711 | D:12     | Noticed NiggerDarts7's ghost (journeyman HuFi)
 36809 | D:12     | Killed NiggerDarts7's ghost
 36924 | D:12     | Bought a potion of heal wounds for 125 gold pieces
 36924 | D:12     | Bought a potion of haste for 250 gold pieces
 36925 | D:12     | Bought a sparkling ivory ring for 135 gold pieces
 36925 | D:12     | Identified the ring "Erauvuom" {rN+ EV+4} (You bought it in
                  | a shop on level 12 of the Dungeon)
 36925 | D:12     | Bought 2 sedimented coppery potions for 48 gold pieces
 36925 | D:12     | Bought a fuming black potion for 24 gold pieces
 36925 | D:12     | Bought a scroll of teleportation for 81 gold pieces
 36925 | D:12     | Bought a scroll of teleportation for 81 gold pieces
 38045 | D:14     | Reached XP level 15. HP: 72/72 MP: 16/16
 38958 | D:14     | Found a gate to the Vaults.
 39482 | D:14     | Noticed a sphinx
 39482 | D:14     | Noticed a sphinx
 39483 | D:14     | Noticed a tengu reaver
 39757 | Swamp:1  | Entered Level 1 of the Swamp
 42022 | Swamp:1  | Found a transporter.
 42043 | Swamp:1  | Noticed a fenstrider witch
 42044 | Swamp:1  | Found a transporter.
 42052 | Swamp:1  | Noticed Voland's ghost (adept TeAE)
 42348 | Snake:1  | Entered Level 1 of the Snake Pit
 42941 | Snake:1  | Slain by a salamander

Illustrated notes

Levels and vault maps discovered:
D:1:      lemuel_arrival_funnel, layout_basic,
          shapermc_ecumenical_altar_mp_vishouse
D:2:      layout_basic, uniq_terence
D:3:      layout_basic, uniq_crazy_yiuf_cottage
D:4:      layout_loops_cross, riverfiend_overflow_shadow_ancestor,
          minmay_temple_entry_nine_rooms
D:5:      layout_cave_pods, serial_shops, nicolae_shop_bloodbath_and_beyond
D:6:      layout_loops_ring, grunt_temple_overflow_cloverleaf, serial_shops,
          nicolae_lakefront_shop
D:7:      layout_basic, gammafunk_ghost_smash, kennysheep_big_empty_room
D:8:      layout_rooms, ebering_ghost_disaster_area, uniq_psyche
D:9:      layout_small_grid, due_lair_maze_entry_diamond, orc_0_dummy,
          minmay_the_grid_2x2 [minmay_the_grid_garden, minmay_the_grid_tri_star,
          minmay_the_grid_outer_diamond, minmay_the_grid_prize_inner_circle],
          uniq_erolcha
D:10:     nzn_winding_woodlands_cross [nzn_winding_woodlands_5x15_jagged,
          nzn_winding_woodlands_5x15_pockets,
          nzn_winding_woodlands_5x15_sidewinder,
          nzn_winding_woodlands_5x15_river_crossing,
          nzn_winding_woodlands_15x15_killbox], layout_basic,
          chequers_big_river, dk_rats_in_the_wall
D:11:     layout_small_grid
D:12:     layout_rooms, ebering_ghost_gozag, serial_demonic, serial_demonic_b,
          serial_demonic_c, serial_demonic_c, serial_demonic_a,
          kennysheep_pointless_box, nrook_mini_backslash
D:13:     layout_basic
D:14:     minmay_sliced_demisemicircle, layout_irregular_city,
          skrybe_vaults_entry_preservation, serial_bayou_pond_e,
          bh_walls_and_bars
Lair:1:   layout_regular_city
Lair:2:   layout_hall_layers, minmay_swamp_entry_eels, roderic_batcave,
          chequers_serial_rivers_micro_b, grunt_megastairs_1
Lair:3:   layout_regular_city, guppyfry_snake_entry_garden,
          kennysheep_abandoned_house, serial_bayou_shore_a, serial_bayou_shore_b
Lair:4:   layout_cave_pods, minmay_slime_entry_pillars, roderic_carrion_pond,
          uniq_kirke
Lair:5:   due_jungle_book, layout_regular_city, infiniplex_staircase_pool
Swamp:1:  layout_basic_swamp, gammafunk_ghost_arena, serial_swamp_ruin,
          evilmike_swamp_ruin_house_5, evilmike_swamp_ruin_house_3
Snake:1:  layout_misc_corridors, serial_bayou_shore_b, uniq_louise
Orc:1:    layout_caves
Orc:2:    st_orc_pillars, layout_diamond_mine

Skill      XL: |  1  2  3  4  5  6  7  8  9 10 11 12 13 14 15 |
---------------+----------------------------------------------+-----
Fighting       | 1 2 3 5 7 |  7.0
Stealth        | 2 4 7 9 15 17 19 | 19.0
Dodging        | 4 5 7 8 11 13 18 20 | 20.4
Evocations     | 5 6 8 |  8.0
Short Blades   | 2 4 8 12 14 15 16 | 16.0
Ranged Weapons | 7 8 |  8.0
Armour         | 5 8 |  8.0

Action                   |  1- 3 |  4- 6 |  7- 9 | 10-12 | 13-15 || total
-------------------------+-------+-------+-------+-------+-------++-------
Melee: Club              |     9 |       |       |       |       ||     9
       Spear             |   166 |   280 |       |       |       ||   446
       Punch             |       |     4 |    11 |    22 |    30 ||    67
       Rapier            |       |    91 |   575 |  1017 |  1853 ||  3536
 Fire: Arbalest          |       |       |       |    10 |    86 ||    96
Throw: Boomerang         |     1 |     7 |     2 |     1 |       ||    11
       Dart              |       |     1 |    11 |    29 |    40 ||    81
       Throwing net      |       |       |       |     2 |       ||     2
Evoke: Wand              |     2 |    15 |    10 |    14 |     7 ||    48
       Phial of floods   |       |       |       |       |     1 ||     1
       Phantom mirror    |       |       |       |       |     1 ||     1
  Use: Scroll            |       |    11 |     3 |    16 |    11 ||    41
       Potion            |       |       |     1 |     2 |     4 ||     7
 Stab: Sleeping          |     1 |     8 |    11 |    39 |    87 ||   146
       Distracted        |     1 |     2 |     3 |    11 |    13 ||    30
       Paralysed         |       |       |     1 |     2 |     2 ||     5
       Invisible         |       |       |       |     7 |    14 ||    21
Armor: Robe              |    14 |    26 |    20 |    18 |     2 ||    80
       Shadow dragon sca |       |       |       |       |   154 ||   154
Dodge: Dodged            |   113 |   225 |   301 |   561 |   698 ||  1898
Block: Other             |       |       |       |       |   136 ||   136
       Reflection        |       |       |       |       |    17 ||    17
